AoeStats
← 河北彩花

Arena

510042251Analyzed
4v4 RM · 3d ago on Sep 29, 2026· 51m 24s· 8 players
Game mode
Random Map
Map size
Large (8 player)
Population
200
Speed
Normal
Resources
Standard
Victory
Conquest
Starting age
Dark Age
Ending age
Imperial Age
RankedLock teamsTeams togetherTeam positionsShared explorationLock speedFull tech treeHidden civsTurbo modeCheats
Victory
Defeat
🇻🇳 Saxons · Vietnam
1290
+10
🇲🇴 Cumans · Macao SAR China
1199
+14
🇮🇳 Italians · India
1161
+15
🇨🇳 Danes · China
1160
+15
🇦🇷 Romans · Argentina
1191
-15
🇫🇷 Romans · France
1162
-14
🇵🇪 Celts · Peru
1132
-13
🇦🇷 Ethiopians · Argentina
1100
-12
河北彩花
1:29 Loom
10:05 Feudal Age
12:06 Wheelbarrow
11:53 Double-Bit Axe
15:29 Horse Collar
19:45 Castle Age
18:36 Gold Mining
20:54 Bow Saw
20:57 Town Watch
21:10 Stone Mining
23:50 Hand Cart
23:13 Light Cavalry
26:35 Scale Barding Armor
27:47 Heavy Plow
30:33 Imperial Age
28:17 Fletching
32:51 Gold Shaft Mining
32:52 Heavy Plow
33:36 Forging
33:52 Bloodlines
35:41 Chemistry
35:05 Ballistics
35:25 Conscription
35:47 Chain Barding Armor
35:28 Bodkin Arrow
36:17 Chain Barding Armor
37:06 Cuman Mercenaries
37:55 Hussar
39:42 Plate Barding Armor
41:24 Iron Casting
43:13 Blast Furnace
44:51 Hoardings
46:01 Chemistry
45:13 Thumb Ring
45:30 Padded Archer Armor
46:13 Town Patrol
46:49 Parthian Tactics
46:03 Elite Kipchak
48:41 Masonry
50:48 Steppe Husbandry
51:08 Leather Archer Armor
Valodimer
9:55 Feudal Age
10:46 Double-Bit Axe
11:21 Loom
12:12 Wheelbarrow
17:09 Castle Age
16:28 Gold Mining
18:03 Bow Saw
17:35 Horse Collar
18:51 Heavy Plow
29:59 Imperial Age
27:42 Fletching
28:29 Gold Shaft Mining
27:48 Stone Mining
29:43 Hand Cart
29:36 Bodkin Arrow
29:56 Squires
30:17 Treadmill Crane
30:58 Ballistics
30:41 Bracer
31:43 Two-Man Saw
31:37 Crop Rotation
33:18 Chemistry
31:54 Elite Hearth Troop
32:59 Shield Wall
34:00 Scale Mail Armor
34:11 Forging
34:30 Conscription
36:07 Chain Mail Armor
37:30 Plate Mail Armor
37:35 Iron Casting
38:55 Masonry
39:56 Town Watch
40:15 Padded Archer Armor
40:50 Guard Tower
40:46 Arrowslits
43:52 Bloodlines
43:42 Husbandry
45:12 Keep
45:08 Architecture
46:14 Leather Archer Armor
47:22 Arson
48:28 Murder Holes
49:58 Siege Engineers
mangudai
10:02 Feudal Age
13:35 Castle Age
11:47 Double-Bit Axe
12:28 Horse Collar
15:08 Bow Saw
18:42 Loom
18:45 Town Watch
22:14 Wheelbarrow
23:46 Fletching
24:53 Gold Mining
28:43 Imperial Age
27:15 Forging
27:05 Scale Mail Armor
27:15 Forging
27:05 Scale Mail Armor
27:31 Heavy Plow
28:42 Iron Casting
28:18 Squires
28:04 Arson
29:04 Onager
30:08 Chain Mail Armor
30:54 Blast Furnace
30:26 Siege Onager
31:20 Stone Mining
32:05 Gold Shaft Mining
33:02 Plate Mail Armor
32:29 Bodkin Arrow
33:10 Conscription
33:07 Heavy Scorpion
34:14 Elite Varangian Guard
35:28 Siege Engineers
37:48 Bracer
37:48 Northmen's Fury
38:05 Pikeman
41:12 Chemistry
40:47 Elite Jomsviking
40:55 Halberdier
47:19 Capped Ram
47:36 Hamask
49:05 Siege Ram
olais
4:26 Loom
11:44 Feudal Age
16:14 Castle Age
14:27 Double-Bit Axe
14:39 Horse Collar
15:42 Stone Mining
15:47 Gold Mining
17:37 Bow Saw
19:09 Heavy Plow
30:56 Imperial Age
29:05 Wheelbarrow
28:16 Town Watch
28:36 Fletching
29:14 Bodkin Arrow
29:19 Padded Archer Armor
30:24 Forging
30:15 Scale Mail Armor
30:54 Hand Cart
31:32 Leather Archer Armor
31:26 Town Patrol
31:53 Bracer
32:19 Conscription
33:04 Stone Shaft Mining
33:01 Thumb Ring
33:21 Ballistics
34:01 Chemistry
33:12 Fortified Wall
34:01 Scale Barding Armor
34:27 Ring Archer Armor
34:32 Iron Casting
35:03 Two-Man Saw
34:17 Elite Genoese Crossbowman
34:28 Light Cavalry
35:19 Bloodlines
35:10 Husbandry
35:16 Hussar
36:22 Chain Barding Armor
38:55 Blast Furnace
39:36 Plate Barding Armor
47:28 Crop Rotation
DanEz
11:36 Feudal Age
10:14 Loom
15:16 Castle Age
13:59 Double-Bit Axe
13:55 Horse Collar
16:40 Bow Saw
23:04 Gold Mining
23:13 Stone Mining
26:14 Wheelbarrow
25:24 Town Watch
29:31 Imperial Age
27:23 Scale Mail Armor
27:34 Forging
28:32 Hand Cart
28:39 Chain Mail Armor
27:54 Man-at-Arms
29:08 Squires
30:05 Iron Casting
29:23 Long Swordsman
30:20 Legionary
31:22 Masonry
31:46 Conscription
35:14 Ballistas
38:38 Blast Furnace
41:11 Heavy Plow
41:17 Caravan
ILLYRIAN A1B
2:30 Loom
9:02 Feudal Age
9:32 Double-Bit Axe
19:56 Castle Age
17:30 Man-at-Arms
18:04 Horse Collar
21:02 Bow Saw
20:54 Heavy Plow
26:56 Ballistas
30:28 Ballistics
33:48 Imperial Age
32:14 Masonry
32:08 Gold Mining
33:35 Forging
33:02 Light Cavalry
33:49 Heavy Scorpion
34:06 Capped Ram
35:24 Husbandry
36:48 Siege Engineers
37:06 Scale Barding Armor
39:54 Bloodlines
39:33 Siege Ram
41:17 Chain Barding Armor
41:33 Iron Casting
43:07 Crop Rotation
46:03 Plate Barding Armor
JK_TheBest
9:12 Feudal Age
10:28 Wheelbarrow
15:40 Castle Age
14:01 Double-Bit Axe
15:25 Horse Collar
18:15 Heavy Plow
20:15 Pikeman
20:57 Gold Mining
21:21 Bow Saw
25:48 Scale Mail Armor
26:37 Forging
27:10 Gambesons
28:12 Iron Casting
28:27 Chain Mail Armor
33:47 Imperial Age
32:12 Stone Mining
35:34 Chemistry
35:40 Hand Cart
35:12 Halberdier
36:24 Heavy Scorpion
38:08 Siege Engineers
38:48 Capped Ram
41:12 Blast Furnace
41:13 Loom
42:28 Plate Mail Armor
42:09 Elite Woad Raider
45:55 Furor Celtica
46:19 Conscription
QQ12346908
10:07 Feudal Age
13:45 Castle Age
11:58 Double-Bit Axe
13:22 Horse Collar
14:46 Bow Saw
17:21 Loom
22:32 Stone Mining
23:01 Gold Mining
25:36 Heavy Plow
26:15 Wheelbarrow
30:31 Imperial Age
27:55 Crossbowman
28:31 Fletching
29:29 Gold Shaft Mining
29:31 Stone Shaft Mining
28:45 Town Watch
29:36 Hand Cart
30:06 Ballistics
32:17 Chemistry
31:40 Conscription
30:46 Arbalester
31:32 Thumb Ring
32:06 Squires
31:57 Capped Ram
32:48 Royal Heirs
32:51 Torsion Engines
34:09 Siege Engineers
34:43 Bodkin Arrow
34:49 Padded Archer Armor
37:28 Siege Ram
38:26 Bracer
38:42 Leather Archer Armor
38:38 Forging
43:18 Ring Archer Armor
43:24 Iron Casting
42:50 Scale Mail Armor
Connection lost

Rejoining the realm…

Still unreachable

The connection could not be restored.

Session expired

The server has moved on; the page needs a fresh start.